Map: Hard Lead LE

Players

elrttu

  • Race: Zerg Zerg
  • League: Platinum
  • Spawn Location: 5:00

Commedia - Winner!

  • Race: Zerg Zerg
  • League: Diamond
  • Spawn Location: 11:00

VOD

Have the link to the VOD?

Description

16/18/17 Speedling Timing attack

Time

  • Played on: Jan. 12, 2024, 10:21 p.m.
  • Length: 6:43
Show
View Real Time Build Order
Export as new Build Order

elrttu Zerg 

Build Orders: Hatch First 

Get SALT Encoding   

  12  0:03  Drone  
  13  0:13  Overlord  
  13  0:19  Drone  
  14  0:34  Drone x2  
  16  0:50  Hatchery  
  16  0:54  Drone  
  16  0:56  Drone  
  17  1:01  Drone  
  18  1:08  Extractor  
  17  1:17  Spawning Pool  
  17  1:18  Drone  
  17  1:22  Drone  
  18  1:36  Drone  
  19  1:45  Drone  
  20  1:56  Overlord  
  20  2:03  Zergling x4  
  20  2:07  Queen x2  
  26  2:11  Metabolic Boost  
  26  2:15  Zergling x4  
  28  2:27  Zergling x4  
  30  2:38  Overlord  
  30  2:39  Zergling x2  
  31  2:52  Zergling x4  
  33  2:59  Zergling x4  
  35  3:08  Zergling x4  
  37  3:16  Overlord  
  37  3:19  Overlord  
  37  3:20  Zergling x2  
  37  3:23  Drone x2  
  37  3:24  Drone x3  
  43  3:36  Baneling Nest  
  42  3:46  Queen  
  44  3:52  Hatchery  
  43  3:59  Drone  
  43  4:00  Drone x4  
  36  4:13  Zergling x12  
  36  4:16  Zergling x2  
  41  4:19  Zergling x4  
  43  4:26  Zergling x2  
  44  4:31  Zergling x2  
  44  4:38  Baneling x4  
  45  4:39  Zergling x2, Baneling  
  45  5:04  Hatchery  
  44  5:08  Drone x3  
  44  5:09  Drone  
  44  5:10  Drone x2  
  44  5:11  Drone  
  44  5:13  Overlord x2  
  50  5:37  Zergling x2  
  50  5:38  Zergling x14  
  55  5:45  Zergling x2  
  51  6:01  Zergling x6  
  42  6:06  Baneling x2  
Show
View Real Time Build Order
Export as new Build Order

Commedia Zerg - Winner!

Build Orders: Hatch First 

Get SALT Encoding   

  12  0:00  Drone  
  13  0:14  Overlord  
  13  0:17  Drone  
  14  0:33  Drone x2  
  16  0:37  Drone  
  17  0:48  Drone  
  18  0:55  Hatchery  
  17  0:59  Drone  
  18  1:06  Extractor  
  17  1:14  Drone  
  18  1:21  Drone  
  18  1:25  Spawning Pool  
  18  1:34  Drone  
  19  1:40  Overlord  
  19  2:09  Drone x3  
  19  2:12  Queen  
  19  2:13  Queen  
  19  2:14  Metabolic Boost  
  26  2:24  Drone x3  
  29  2:33  Drone  
  30  2:46  Drone  
  30  2:47  Drone x2  
  33  3:00  Queen  
  35  3:06  Queen  
  35  3:07  Hatchery  
  36  3:15  Overlord  
  36  3:36  Overlord  
  36  3:44  Zergling x2  
  36  3:45  Zergling x14  
  44  3:48  Spine Crawler  
  44  3:53  Spine Crawler  
  42  4:02  Zergling x8  
  25  4:21  Drone  
  25  4:22  Drone x7  
  34  4:33  Queen  
  36  4:40  Drone  
  36  4:41  Drone x2  
  39  4:51  Queen  
  41  4:59  Roach Warren  
  40  5:00  Extractor  
  40  5:03  Extractor  
  38  5:12  Queen  
  39  5:35  Zergling x2  
  40  5:36  Zergling x16  
  40  5:38  Zergling x2  
  48  5:43  Zergling x2  
  44  6:01  Roach x4  
  48  6:22  Roach x4  
Tags
 
Add a new tag
Caveats
  • Supply blocks, unpowered buildings, or Contaminate may cause inaccurate times.
  • Supply counts are checked every 10 seconds.